 Dungeon Sprint DCSS version 0.31-a0-154-g56bf346678 (webtiles) character file.

Game seed: 8812630596522445584

39645 rocky1 the Axe Maniac (level 13, -7/146 HPs)
             Began as a Minotaur Gladiator on June 12, 2023.
             Was an Initiate of Gozag.
             Mangled by a hell knight
             ... wielding a +5 broad axe
              (20 damage)
             ... in the Dungeon (Sprint VII: "The Pits").
             The game lasted 00:19:37 (6827 turns).

rocky1 the Axe Maniac (Minotaur Gladiator)          Turns: 6827, Time: 00:19:38

Health: -7/146     AC: 28    Str: 32    XL:     13   Next: 70%
Magic:  12/12      EV: 13    Int:  5    God:    Gozag
Gold:   812        SH:  0    Dex: 13    Spells: 12/12 levels left

rFire   + + +        q - +0 battleaxe
rCold   + . .        (shield currently unavailable)
rNeg    . . .        r - +3 plate armour {rF+}
rPois   +            c - +0 hat
rElec   +            (no cloak)
rCorr   .            w - +1 pair of gloves {Str+3}
SInv    .            x - +1 pair of boots {rampage}
Will    +....        H - amulet of Suspected Treachery {Faith rF+ Will+ Str+2} Stlth
                     b - ring of the Sky {rElec rF+ rC+}
HPRegen 0.44/turn    I - ring "Ebbe" {rPois Str+4}
MPRegen 0.13/turn

%: no teleportation, rampage, faith
@: gold aura, hasted, very quick
A: horns 2, retaliatory headbutt
a: Renounce Religion, Potion Petition, Call Merchant, Bribe Branch


You were in the Dungeon.
You worshipped Gozag.
Gozag was pleased with you.
You visited 1 branch You collected 11155 gold pieces.
You spent 2499 gold pieces at shops.
You paid 7844 gold pieces to Gozag.

Inventory:

Hand Weapons
 g - a +0 arbalest
 q - a +0 battleaxe (weapon)
 v - a +0 scimitar of flaming
 D - a +4 great mace of protection
Missiles
 d - a throwing net (quivered)
 e - a javelin
 s - 4 curare-tipped darts
 J - 6 atropa-tipped darts
Armour
 c - a +0 hat (worn)
 r - a +3 plate armour of fire resistance (worn)
 w - a +1 pair of gloves of strength (worn)
 x - a +1 pair of boots of rampaging (worn)
Jewellery
 b - the ring of the Sky (left hand) {rElec rF+ rC+}
   (You found it in the Dungeon)

   [ring of protection from fire]

   rF:        It protects you from fire.
   rC:        It protects you from cold.
   rElec:     It insulates you from electricity.
 l - the ring of Kext {rF- rC+ MP+9 Str+4 Int+4}
   (You took it off an orc in the Dungeon)

   [ring of magical power]

   Str:       It affects your strength (+4).
   Int:       It affects your intelligence (+4).
   rF:        It makes you vulnerable to fire.
   rC:        It protects you from cold.
   MP:        It affects your magic capacity (+9).
 E - a ring of willpower
 F - a ring of resist corrosion
 H - the amulet of Suspected Treachery (around neck) {Faith rF+ Will+ Str+2}
   (You bought it in a shop in the Dungeon)

   [amulet of faith]

   It allows you to gain divine favour quickly.
   Str:       It affects your strength (+2).
   rF:        It protects you from fire.
   Will:      It increases your willpower.
 I - the ring "Ebbe" (right hand) {rPois Str+4}
   (You bought it in a shop in the Dungeon)

   [ring of poison resistance]

   Str:       It affects your strength (+4).
   rPois:     It protects you from poison.
Wands
 a - a wand of charming (12)
 C - a wand of iceblast (7)
Scrolls
 k - a scroll of blinking
 m - 5 scrolls of amnesia
 p - a scroll of fear
 t - 3 scrolls of enchant weapon
 u - 3 scrolls of identify
 y - 2 scrolls of enchant armour
 z - 4 scrolls of fog
 G - a scroll of immolation
Potions
 f - 4 potions of curing
 h - 3 potions of haste
 i - 6 potions of magic
 j - 7 potions of berserk rage
 A - a potion of brilliance
 B - a potion of mutation


   Skills:
 + Level 22.6 Fighting
 + Level 6.1 Long Blades
 O Level 27 Axes
 * Level 8.1(19.5) Maces & Flails
 * Level 3.1 Ranged Weapons
 + Level 5.9 Throwing
 + Level 21.0 Armour
 + Level 11.0 Dodging
 - Level 2.2 Stealth


You had 12 spell levels left.
You didn't know any spells.
Your spell library contained the following spells:

 Spells                   Type           Power      Damage    Failure   Level
 Dazzling Flash           Conj/Hex       0%         N/A       99%         3
 Hailstorm                Conj/Ice       0%         3d3       99%         3
 Ice Form                 Ice/Tmut       0%         N/A       100%        4
 Agony                    Necr           0%         N/A       100%        5
 Silence                  Hex/Air        0%         N/A       100%        5
 Simulacrum               Ice/Necr       Unusable   N/A       N/A         6

Dungeon Overview and Level Annotations

Branches:
Dungeon (1/1)

Altars:
Ashenzari
Cheibriados
Dithmenos
Elyvilon
Fedhas
Gozag
Hepliaklqana
Kikubaaqudgha
Makhleb
Nemelex Xobeh
Okawaru
Qazlal
Ru
Sif Muna
Trog
Uskayaw
Vehumet
Wu Jian
Xom
Yredelemnul
Zin
The Shining One
Jiyva
Lugonu

Shops:
D =[?([


Innate Abilities, Weirdness & Mutations

You have a pair of horns on your head.
You reflexively headbutt those who attack you in melee.


Message History

You slash the yaktaur captain!
The hell knight hits you from afar with a +5 glaive of pain!
* * * LOW HITPOINT WARNING * * *
You writhe in agony.
* * * LOW HITPOINT WARNING * * *
The yaktaur captain hits you but does no damage.
Your base Maces & Flails skill increases to level 8!
Your Ranged Weapons skill increases to level 3!
Your Armour skill increases to level 21!
Unknown command.
Okay, then. [a] 1304 gold - Muheteor's Antique Armour Boutique [b] 1358 gold - Ymoul's Book Shoppe [c] 994 gold - Kashat's Armour Shop Fund which merchant? [a] 1304 gold - Muheteor's Antique Armour Boutique [b] 1358 gold - Ymoul's Book Shoppe [c] 994 gold - Kashat's Armour Shop Fund which merchant?
You no longer have enough gold to fund merchants seeking to open stores in the dungeon.
Muheteor invites you to visit his Antique Armour Boutique.
A yaktaur captain comes into view.
The hell knight hits you with a +5 broad axe.
* * * LOW HITPOINT WARNING * * *
The hell knight hits you but does no damage.
The yaktaur captain hits you but does no damage.
Unknown command. [a] - 391 gold - lignification, might and resistance [b] - 840 gold - resistance, invisibility and haste [c] - 315 gold - heal wounds and haste Purchase which effect?
You feel much better.
You feel yourself speed up.
The yaktaur captain is distracted by your dazzling golden aura.
The hell knight hits you from afar with a +5 glaive of pain!!
* * * LOW HITPOINT WARNING * * *
You writhe in agony.
* * * LOW HITPOINT WARNING * * *
The hell knight hits you with a +5 broad axe!!
You die...
Your body crumbles into a pile of gold.

.....# $ .....# $ ..#..# .....+
.....+ ###''#
###''############################
.##.............c)...............
.##.∩).).[.[..[[@pp[.............
.##..##############[c############
.##..# #......# ##..# #......#
#..# #..e...# #..# ###..### #..#
pp.......cc.... #..#
.p..........c.. ###..#
e.####....####c


You could see 2 yaktaur captains and 2 hell knights.

Vanquished Creatures
  2 deep elf blademasters (D)
  2 death cobs (D)
  Frances (D)
  A nagaraja (D)
  2 orc warlords (D)
  A yaktaur captain (D)
  An ogre mage (D)
  2 catoblepae (D)
  2 hydras (D)
  An anaconda (D)
  A centaur warrior (D)
  3 two-headed ogres (D)
  A spriggan berserker (D)
  2 sun demons (D)
  Sonja (D)
  2 fire crabs (D)
  A shadow wraith (D)
  A flayed ghost (D)
  A bog body (D)
  A swamp dragon (D)
  A lindwurm (D)
  11 orc knights (D)
  A necromancer (D)
  2 manticores (D)
  3 deep elf zephyrmancers (D)
  An orc sorcerer (D)
  A wolf spider (D)
  4 elephants (D)
  A cyclops (D)
  A guardian serpent (D)
  A rust devil (D)
  An orange demon (D)
  2 unseen horrors (D)
  A komodo dragon (D)
  A rime drake (D)
  A yaktaur (D)
  An efreet (D)
  A guardian mummy (D)
  2 red devils (D)
  A freezing wraith (D)
  A wandering mushroom (D)
  A hornet (D)
  3 trolls (D)
  2 hellwings (D)
  A tyrant leech (D)
  A blink frog (D)
  A vampire (D)
  Eustachio (D)
  A ynoxinul (D)
  A fire elemental (D)
  A fire bat (D)
  A large abomination (D)
  9 vampire mosquitoes (D)
  2 redbacks (D)
  3 acid dragons (D)
  2 water moccasins (D)
  A floating eye (D)
  A sky beast (D)
  2 orc warriors (D)
  A black bear (D)
  2 ogres (D)
  A wolf (D)
  A gnoll sergeant (D)
  A scorpion (D)
  A hound (D)
  An orc priest (D)
  A gnoll bouda (D)
  2 iron imps (D)
  A hell rat (D)
  3 orc wizards (D)
  6 gnolls (D)
  A river rat (D)
  A white imp (D)
  An ufetubus (D)
  An adder zombie (D)
  An adder skeleton (D)
  4 orcs (D)
  A ball python (D)
  A bat zombie (D)
  2 endoplasms (D)
  A giant cockroach (D)
  3 jackals (D)
  A quokka (D)
  2 ball python simulacra (D)
  A bat (D)
  A frilled lizard (D)
  A kobold (D)
146 creatures vanquished.

Vanquished Creatures (others)
  A two-headed ogre (D)
  A basilisk (D)
2 creatures vanquished.

Grand Total: 148 creatures vanquished

Notes
Turn   | Place    | Note
-------+----------+-------------------------------------------
     0 | D        | rocky1 the Minotaur Gladiator began the quest for the Orb.
     0 | D        | Reached XP level 1. HP: 18/18 MP: 0/0
    16 | D        | Reached skill level 4 in Axes
    16 | D        | Reached XP level 2. HP: 20/26 MP: 1/1
    20 | D        | Found a bloodstained altar of Trog.
    20 | D        | Found a shimmering blue altar of Sif Muna.
    20 | D        | Found a viscous altar of Jiyva.
    20 | D        | Found a hazy altar of Hepliaklqana.
    20 | D        | Found an opulent altar of Gozag.
    21 | D        | Found a glowing golden altar of the Shining One.
    21 | D        | Found a glowing silver altar of Zin.
    21 | D        | Found a basalt altar of Yredelemnul.
    21 | D        | Found a shimmering altar of Xom.
    21 | D        | Found an ornate altar of the Wu Jian Council.
    21 | D        | Found a sacrificial altar of Ru.
    21 | D        | Found a stormy altar of Qazlal.
    21 | D        | Found an iron altar of Okawaru.
    21 | D        | Found a sparkling altar of Nemelex Xobeh.
    21 | D        | Found a burning altar of Makhleb.
    21 | D        | Found a blossoming altar of Fedhas.
    21 | D        | Found a white marble altar of Elyvilon.
    21 | D        | Found a shadowy altar of Dithmenos.
    21 | D        | Found a snail-covered altar of Cheibriados.
    24 | D        | Found a corrupted altar of Lugonu.
    24 | D        | Found a radiant altar of Vehumet.
    25 | D        | Found an ancient bone altar of Kikubaaqudgha.
    25 | D        | Found a hide-covered altar of Uskayaw.
    25 | D        | Found a broken altar of Ashenzari.
    28 | D        | Became a worshipper of Gozag Ym Sagoz the Greedy
   172 | D        | Noticed a scorpion
   179 | D        | Killed a scorpion
   180 | D        | Reached skill level 6 in Axes
   180 | D        | Reached skill level 1 in Armour
   180 | D        | Reached skill level 5 in Dodging
   180 | D        | Reached XP level 3. HP: 16/34 MP: 2/2
   180 | D        | Reached XP level 4. HP: 19/41 MP: 3/3
   478 | D        | Reached skill level 7 in Axes
   950 | D        | Noticed an orc warrior
   950 | D        | Noticed a water moccasin
   957 | D        | Reached skill level 5 in Fighting
   957 | D        | Reached skill level 8 in Axes
   957 | D        | Reached XP level 5. HP: 48/48 MP: 4/4
   962 | D        | Killed an orc warrior
   963 | D        | Reached skill level 9 in Axes
   969 | D        | Killed a water moccasin
   970 | D        | Reached skill level 10 in Axes
   970 | D        | Reached XP level 6. HP: 58/58 MP: 5/5
   972 | D        | Reached skill level 1 in Stealth
   977 | D        | Reached skill level 11 in Axes
  1239 | D        | Noticed a flayed ghost
  1249 | D        | Killed a flayed ghost
  1250 | D        | Reached skill level 14 in Axes
  1250 | D        | Reached skill level 5 in Throwing
  1250 | D        | Reached XP level 7. HP: 60/68 MP: 6/6
  1529 | D        | Reached skill level 5 in Armour
  1529 | D        | Reached XP level 8. HP: 71/74 MP: 7/7
  1531 | D        | Reached skill level 15 in Axes
  1728 | D        | Noticed a troll
  1742 | D        | Killed a troll
  1747 | D        | Reached skill level 16 in Axes
  1965 | D        | Noticed a manticore
  1966 | D        | Noticed a guardian mummy
  1981 | D        | Killed a guardian mummy
  1986 | D        | Killed a manticore
  1987 | D        | Reached skill level 17 in Axes
  1987 | D        | Reached skill level 10 in Dodging
  1987 | D        | Reached XP level 9. HP: 26/83 MP: 8/8
  2381 | D        | Noticed a fire crab
  2381 | D        | Noticed a tyrant leech
  2388 | D        | Reached skill level 18 in Axes
  2392 | D        | Killed a fire crab
  2393 | D        | Reached skill level 10 in Fighting
  2393 | D        | Reached skill level 19 in Axes
  2394 | D        | Killed a tyrant leech
  2571 | D        | Noticed a deep elf zephyrmancer
  2572 | D        | Noticed a sun demon
  2577 | D        | Killed a deep elf zephyrmancer
  2584 | D        | Killed a sun demon
  2585 | D        | Reached skill level 20 in Axes
  2585 | D        | Reached skill level 10 in Armour
  2585 | D        | Reached XP level 10. HP: 69/94 MP: 9/9
  2768 | D        | Noticed a lindwurm
  2776 | D        | Killed a lindwurm
  2779 | D        | Reached skill level 21 in Axes
  2985 | D        | Noticed Sonja
  2985 | D        | Noticed Frances
  2998 | D        | Killed Frances
  2998 | D        | Killed Sonja
  2999 | D        | Reached skill level 22 in Axes
  3252 | D        | Bought a scroll of blinking for 97 gold pieces
  3252 | D        | Bought a scroll of enchant weapon for 97 gold pieces
  3252 | D        | Bought a scroll of identify for 26 gold pieces
  3264 | D        | Noticed an orange demon
  3266 | D        | Noticed Eustachio
  3268 | D        | Killed an orange demon
  3277 | D        | Killed Eustachio
  3290 | D        | Reached skill level 23 in Axes
  3314 | D        | Noticed a five-headed hydra
  3386 | D        | Killed a one-headed hydra
  3387 | D        | Reached XP level 11. HP: 44/104 MP: 10/10
  3389 | D        | Reached skill level 1 in Long Blades
  3783 | D        | Bought a +1 pair of gloves of strength for 214 gold pieces
  3783 | D        | Bought a +1 pair of boots of rampaging for 214 gold pieces
  3814 | D        | Noticed a deep elf zephyrmancer
  3822 | D        | Killed a deep elf zephyrmancer
  3828 | D        | Noticed a bog body
  3833 | D        | Killed a bog body
  4118 | D        | Reached skill level 24 in Axes
  4309 | D        | Killed a shadow wraith
  4601 | D        | Noticed a catoblepas
  4604 | D        | Reached skill level 15 in Armour
  4607 | D        | Killed a catoblepas
  4830 | D        | Noticed an eight-headed hydra
  4830 | D        | Noticed a swamp dragon
  4870 | D        | Killed a five-headed hydra
  4886 | D        | Killed a swamp dragon
  4935 | D        | Reached skill level 25 in Axes
  5341 | D        | Bought the amulet of Suspected Treachery {Faith rF+ Will+
                  | Str+2} for 829 gold pieces
  5341 | D        | Bought the ring "Ebbe" {rPois Str+4} for 460 gold pieces
  5400 | D        | Noticed a nagaraja
  5400 | D        | Noticed a spriggan berserker
  5400 | D        | Noticed a fire crab
  5400 | D        | Noticed a necromancer
  5408 | D        | Reached XP level 12. HP: 118/118 MP: 11/11
  5414 | D        | Killed a nagaraja
  5415 | D        | Reached skill level 15 in Fighting
  5430 | D        | Got the ring of the Sky {rElec rF+ rC+}
  5807 | D        | Noticed a death cob
  5819 | D        | Killed a death cob
  5820 | D        | Reached skill level 5 in Long Blades
  5820 | D        | Noticed a deep elf blademaster
  5828 | D        | Reached skill level 26 in Axes
  5836 | D        | Killed a deep elf blademaster
  5841 | D        | Noticed a two-headed ogre
  5842 | D        | Killed a two-headed ogre
  5843 | D        | Noticed an anaconda
  5848 | D        | Killed an anaconda
  5849 | D        | Reached skill level 27 in Axes
  5849 | D        | Noticed a two-headed ogre
  5849 | D        | Noticed a centaur warrior
  5851 | D        | Killed a centaur warrior
  5851 | D        | Noticed an ogre mage
  5855 | D        | Killed an ogre mage
  5857 | D        | Killed a two-headed ogre
  5864 | D        | Noticed a two-headed ogre
  5864 | D        | Noticed a two-headed ogre
  5867 | D        | Killed a two-headed ogre
  5877 | D        | Killed a two-headed ogre
  5878 | D        | Reached XP level 13. HP: 64/136 MP: 12/12
  5895 | D        | Identified the +4 spear "Kotoi" {drain, *Slow Fly rPois
                  | Will+++}
  5898 | D        | Identified the ring of Kext {rF- rC+ MP+9 Str+4 Int+4}
  6093 | D        | Bought a +4 great mace of protection for 476 gold pieces
  6093 | D        | Bought 6 atropa-tipped darts for 86 gold pieces
  6332 | D        | Noticed an orc warlord
  6332 | D        | Noticed an orc warlord
  6362 | D        | Killed an orc warlord
  6379 | D        | Killed an orc warlord
  6392 | D        | Reached skill level 5 in Maces & Flails
  6395 | D        | Noticed a death cob
  6418 | D        | Killed a death cob
  6769 | D        | Reached skill level 1 in Ranged Weapons
  6803 | D        | Noticed a deep elf blademaster
  6825 | D        | Killed a deep elf blademaster
  6827 | D        | Mangled by a hell knight

Illustrated notes

Levels and vault maps discovered:
D:        pitsprint [storerooms_1, entrance_room_1, metal_vault_5, armoury_1,
          mini_pit_1, grid_room_1, main_hall_1, silver_pit, the_coven_3,
          the_vestibule_1, steel_vault_3, golden_pit, hallway_of_sentries,
          crystal_vault_1, iron_vault_4, final_vault]

Skill      XL: |  1  2  3  4  5  6  7  8  9 10 11 12 13 |
---------------+----------------------------------------+-----
Fighting       | 3 4 5 6 8 9 10 12 14 18 22 | 22.6
Axes           | 4 6 8 10 14 17 20 23 25 27 | 27.0
Dodging        | 4 5 7 8 9 10 11 | 11.0
Throwing       | 3 4 5 |  5.9
Armour         | 1 3 4 5 7 10 13 16 19 21 | 21.0
Stealth        | 1 2 |  2.2
Long Blades    | 4 6 |  6.1
Maces & Flails | 8 |  8.1
Ranged Weapons | 3 |  3.1

Action                     |  1- 3 |  4- 6 |  7- 9 | 10-12 | 13-15 || total
---------------------------+-------+-------+-------+-------+-------++-------
  Melee: War axe           |     8 |    43 |       |       |       ||    51
         Headbutt          |     4 |     5 |    13 |    56 |    24 ||   102
         Battleaxe         |       |    10 |    63 |   211 |    94 ||   378
         Scimitar          |       |       |       |    12 |       ||    12
  Throw: Throwing net      |     2 |       |     3 |       |       ||     5
 Invoke: Potion Petition   |       |       |     1 |     4 |     3 ||     8
         Call Merchant     |       |       |       |     3 |     2 ||     5
    Use: Potion            |       |     3 |     2 |     9 |     9 ||    23
         Scroll            |       |       |       |       |     5 ||     5
   Stab: Held in net/web   |       |       |     1 |       |       ||     1
         Invisible         |       |       |       |    13 |       ||    13
         Distracted        |       |       |       |       |     1 ||     1
 Armour: Leather armour    |       |     4 |       |       |       ||     4
         Chain mail        |       |    16 |    11 |       |       ||    27
         Plate armour      |       |       |    22 |   184 |    36 ||   242
  Dodge: Dodged            |     4 |    24 |    37 |   185 |    25 ||   275

Table legend: (Time is in decaauts)
 A = Elapsed time spent in this place.
 B = Non-inter-level travel time spent in this place.
 C = Inter-level travel time spent in this place.
 D = Time resting spent in this place.
 E = Time spent auto-exploring this place.
 F = Levels seen in this place.
 G = Mean time per level.
                   A        B        C        D        E       F      G
               +--------+--------+--------+--------+--------+-----+--------+
         Total |   6711 |   6649 |     62 |   5009 |      0 |   1 | 6711.0 |
       Dungeon |   6711 |   6649 |     62 |   5009 |      0 |   1 | 6711.0 |
               +--------+--------+--------+--------+--------+-----+--------+

Top non-repeatable levels by time:
       D: 6711 daAuts
